 Dungeon Crawl Stone Soup version 0.26.0-16-gc1dbca0489 (webtiles) character file.

Game seed: 3201304019801027232

263 Descartes the Conjurer (level 5, -4/28 HPs)
             Began as a Deep Elf Conjurer on Jan 20, 2021.
             Slain by an ogre
             ... wielding a +0 giant spiked club
              (32 damage)
             ... on level 3 of the Dungeon.
             The game lasted 00:09:04 (3758 turns).

Descartes the Conjurer (Deep Elf Conjurer)          Turns: 3758, Time: 00:09:05

Health: -4/28      AC:  3    Str:  4    XL:     5   Next: 97%
Magic:  14/14      EV: 12    Int: 24    God:
Gold:   151        SH:  0    Dex: 13    Spells: 12/13 levels left

rFire    + . .     SeeInvis .   s - +2 dagger (flame)
rCold    . . .     Faith    .   (no shield)
rNeg     . . .     Spirit   .   k - +0 leather armour
rPois    .         Reflect  .   (no helmet)
rElec    .         Harm     .   (no cloak)
rCorr    .         Rampage  .   (no gloves)
Will     .....                  (no boots)
Stlth    ++........             j - amulet of magic regeneration
HPRegen  0.09/turn              m - ring of protection from fire
MPRegen  0.39/turn              (no ring)

@: no status effects
A: no striking features
a: no special abilities


You were on level 3 of the Dungeon.
You visited 1 branch of the dungeon, and saw 4 of its levels.

You collected 151 gold pieces.

Inventory:

Hand Weapons
 c - a +0 dagger
 s - a +2 dagger of flaming (weapon)
Missiles
 f - 49 stones
 g - 13 poisoned darts
 p - 2 curare-tipped darts
 q - 54 sling bullets
Armour
 a - a +0 robe
 k - a +0 leather armour (worn)
Jewellery
 d - an uncursed ring of fire
 h - a cursed ring of fire
 j - an amulet of magic regeneration (around neck)
 l - an uncursed amulet of guardian spirit
 m - a ring of protection from fire (left hand)
Scrolls
 e - a scroll of immolation {unknown}
 i - a scroll of teleportation
 n - 2 scrolls of enchant weapon {unknown}
 r - 2 scrolls of remove curse {unknown}
Potions
 b - a potion of brilliance
 o - 2 potions of resistance {unknown}


   Skills:
 - Level 1.0 Short Blades
 + Level 4.2 Dodging
 + Level 4.5 Stealth
 + Level 4.8 Spellcasting
 + Level 5.4 Conjurations


You had 12 spell levels left.
You knew the following spells:

 Your Spells              Type           Power        Failure   Level
a - Magic Dart            Conj           100%         1%          1

Your spell library contained the following spells:

 Spells                   Type           Power        Failure   Level
 Searing Ray              Conj           62%          2%          2
 Dazzling Flash           Conj/Hex       36%          16%         3
 Fulminant Prism          Conj/Hex       9%           45%         4
 Iskenderun's Mystic Bla  Conj/Tloc      18%          45%         4


Dungeon Overview and Level Annotations

Branches:
Dungeon (4/15)
 Temple: D:4-7

Altars:
Cheibriados
Dithmenos
Nemelex Xobeh
Ru

Annotations:
D:2 Grinder
D:3 1 runed translucent door, Crazy Yiuf


Message History

a +0 club; a gnoll corpse
There is a stone staircase leading up here.
You climb upwards.
Level annotation: Grinder
There is a stone staircase leading down here.
HP restored.
Done exploring.
You climb downwards.
Level annotation: 1 runed translucent door, Crazy Yiuf The ogre closely misses you.
There is a stone staircase leading up here.
You see here a +0 spear.
You see here a +0 flail.
You hit the ogre. You burn the ogre.
The ogre is lightly wounded.
You closely miss the ogre.
The ogre is lightly wounded.
The ogre hits you with a +0 giant spiked club!!
Ouch! That really hurt!
You die...

..................##
##..##
.##....####.###....#
♣....♣ .#####.# #.#
##)..# ♣♣..)♣ ## #.#
#.####...# ♣♣)♣♣ #.#
#.#...)<.# ♣♣.♣ #.#
#.#.##...# ♣.♣♣ #.#
#.#.##.### ♣♣.♣
####.####.#.##O#
♣.♣♣
##......##.#.##@#
#+# ####
##.#.....##.#.##.###
).. #...
#.##...............#
#.).# ####
##.#.....#######...#
#).)#
##................#
#####
#.####.####.##.#.# #
#.# #.# #.##...## #
#.####.####.###...#
# #...........#
#...#


You could see an ogre.

Vanquished Creatures
  An orc priest (D:4)
  An iguana (D:4)
  An orc wizard (D:4)
  6 adders
  4 gnolls
  A white imp (D:4)
  A worm (D:2)
  2 dart slugs
  2 leopard geckos (D:1)
  5 orcs (D:4)
  3 ball pythons
  6 bats
  4 giant cockroaches
  5 goblins
  7 hobgoblins
  6 jackals
  A quokka (D:3)
  10 frilled lizards
  6 kobolds
  7 rats
79 creatures vanquished.

Notes
Turn   | Place    | Note
-------+----------+-------------------------------------------
     0 | D:1      | Descartes the Deep Elf Conjurer began the quest for the
                  | Orb.
     0 | D:1      | Reached XP level 1. HP: 10/10 MP: 6/6
   193 | D:1      | Reached XP level 2. HP: 15/15 MP: 5/8
   617 | D:1      | Found a sparkling altar of Nemelex Xobeh.
   643 | D:1      | Reached XP level 3. HP: 19/19 MP: 5/9
  1040 | D:2      | Reached skill level 1 in Short Blades
  1257 | D:2      | Found a shadowy altar of Dithmenos.
  1257 | D:2      | Found a snail-covered altar of Cheibriados.
  1258 | D:2      | Found a sacrificial altar of Ru.
  1879 | D:3      | Noticed Grinder
  2085 | D:3      | Reached XP level 4. HP: 13/24 MP: 2/11
  2097 | D:2      | HP: 1/24 [gnoll (2)]
  2581 | D:3      | Reached skill level 5 in Conjurations
  2733 | D:3      | Reached XP level 5. HP: 21/28 MP: 5/13
  3301 | D:3      | Found a runed translucent door.
  3302 | D:3      | Noticed Crazy Yiuf
  3408 | D:4      | Noticed an ogre
  3758 | D:3      | Slain by an ogre

Illustrated notes

Levels and vault maps discovered:
D:1:      scummos_arrival_simple_crosswalls, layout_basic, hex_large,
          nemelex_xobeh_ov_fountains_minmay
D:2:      layout_basic, gammafunk_temple_overflow_claw
D:3:      layout_loops_ring, uniq_crazy_yiuf_cottage, uniq_grinder
D:4:      layout_rooms, saegor_snake_ambush

Skill      XL: |  1  2  3  4  5 |
---------------+----------------+-----
Stealth        | 3 4 |  4.5
Short Blades   | 1 |  1.0
Dodging        | 3 4 |  4.2
Spellcasting   | 4 |  4.8
Conjurations   | 5 |  5.4

Action                   |  1- 3 |  4- 6 || total
-------------------------+-------+-------++-------
Melee: Dagger            |     1 |     2 ||     3
 Cast: Magic Dart        |    91 |    89 ||   180
  Use: Scroll            |     1 |       ||     1
       Potion            |       |     4 ||     4
 Stab: Sleeping          |     1 |       ||     1
Armor: Leather armour    |     1 |     6 ||     7
Dodge: Dodged            |    11 |    17 ||    28
